[Event "ICC tourney 2376 (15 3)"]
[Site "Internet Chess Club"]
[Date "2021.02.06"]
[Round "2"]
[White "greasyaluminum"]
[Black "Kokosnuss1000"]
[Result "1/2-1/2"]
[ICCResult "Black stalemated"]
[WhiteElo "1364"]
[BlackElo "1144"]
[Opening "Two knights defense (Modern bishop's opening)"]
[ECO "C55"]
[NIC "IG.01"]
[Time "12:20:46"]
[PlyCount "145"]
[TimeControl "900+3"]

1. e4 e5 2. Nf3 Nc6 3. Bc4 Nf6 4. d3 Be7 5. Nc3 O-O 6. O-O d6 7. h3 Na5 8.
Bb3 Nxb3 9. axb3 Be6 10. Be3 a6 11. d4 exd4 12. Nxd4 c5 13. Nf3 d5 14. exd5
Bxd5 15. Nxd5 Nxd5 16. Re1 f5 17. c4 Nxe3 18. Rxe3 Qxd1+ 19. Rxd1 Rae8 20.
Rde1 Rf7 21. Ng5 f4 22. Re4 Rf5 23. Nf3 Rf7 24. Ne5 Rf5 25. Nd3 Rd8 26.
Rxe7 Rxd3 27. Rxb7 h6 28. Ree7 Rg5 29. Kh2 Rd2 30. Kg1 f3 31. g3 Rd1+ 32.
Kh2 Rd2 33. g4 Rxf2+ 34. Kg3 Rf1 35. Rf7 Rg1+ 36. Kf2 Rg2+ 37. Kxf3 Rg1 38.
Rf4 Rf1+ 39. Kg3 Rg1+ 40. Kh2 Rb1 41. Rf2 h5 42. gxh5 Rxh5 43. Rg2 Rh7 44.
Ra7 Ra1 45. Rc7 a5 46. Rxc5 a4 47. b4 Re1 48. b5 Re3 49. Rg3 Re2+ 50. Kg1
Re1+ 51. Kf2 Rb1 52. Rc8+ Kf7 53. Rf3+ Kg6 54. Ra8 Rxb2+ 55. Kg3 Rb1 56.
Rxa4 Rc1 57. b6 Rb1 58. c5 Rh8 59. Rg4+ Kh7 60. Rc3 Rg1+ 61. Kh2 Rb1 62.
Rcc4 Rb2+ 63. Rg2 Rb3 64. Rcg4 Rg8 65. Rg6 Rc3 66. c6 Kh8 67. b7 Rb8 68. h4
Rc4 69. Kh3 Rc3+ 70. R2g3 Rc4 71. Rxg7 Rxh4+ 72. Kxh4 Rxb7 73. cxb7 { Black
stalemated } 1/2-1/2

[Event "ICC tourney 2376 (15 3)"]
[Site "Internet Chess Club"]
[Date "2021.02.06"]
[Round "2"]
[White "PsychonautYogi"]
[Black "HulkBobster"]
[Result "0-1"]
[ICCResult "White resigns"]
[WhiteElo "1103"]
[BlackElo "1330"]
[Opening "Sicilian defense"]
[ECO "B30"]
[NIC "SI.31"]
[Time "12:20:30"]
[PlyCount "44"]
[TimeControl "900+3"]

1. e4 c5 2. Nf3 Nc6 3. c3 e5 4. d4 cxd4 5. cxd4 exd4 6. Nxd4 Nf6 7. Nxc6
bxc6 8. Nc3 Bb4 9. Bd3 d5 10. O-O O-O 11. exd5 cxd5 12. Bg5 Bb7 13. Qb3
Bxc3 14. Qxc3 d4 15. Qc2 Qd5 16. f3 Qxg5 17. Rf2 g6 18. Kf1 Nd5 19. Be4
Ne3+ 20. Kg1 Nxc2 21. Bxb7 Nxa1 22. Bxa8 Rxa8 { White resigns } 0-1

[Event "ICC tourney 2376 (15 3)"]
[Site "Internet Chess Club"]
[Date "2021.02.06"]
[Round "2"]
[White "ryc2009"]
[Black "PranavNallapeta"]
[Result "1-0"]
[ICCResult "Black checkmated"]
[WhiteElo "659"]
[BlackElo "265"]
[Opening "Sicilian"]
[ECO "B54"]
[NIC "SI.01"]
[Time "12:20:43"]
[PlyCount "65"]
[TimeControl "900+3"]

1. e4 c5 2. Nf3 d6 3. d4 cxd4 4. Nxd4 e5 5. Nf3 Nf6 6. Bg5 Be7 7. h3 O-O 8.
Bxf6 Bxf6 9. Nc3 Nc6 10. Bc4 Ne7 11. O-O a6 12. Qd2 Be6 13. Bxe6 fxe6 14.
Rad1 Qc7 15. Qxd6 Qa5 16. Qxe6+ Kh8 17. a3 Rg8 18. Nxe5 Bxe5 19. Qxe7 Rge8
20. Qg5 Qc5 21. Qd2 h6 22. Qd7 Red8 23. Qxb7 Rf8 24. Rd5 Qc4 25. Rxe5 Rad8
26. Qe7 Rde8 27. Qd6 Rf6 28. Rxe8+ Kh7 29. Qe5 Rc6 30. Qf5+ Rg6 31. Nd5 a5
32. Nf4 h5 33. Qxg6# { Black checkmated } 1-0

[Event "ICC tourney 2376 (15 3)"]
[Site "Internet Chess Club"]
[Date "2021.02.06"]
[Round "2"]
[White "McEntire87"]
[Black "jhong3"]
[Result "1-0"]
[ICCResult "Black resigns"]
[WhiteElo "1251"]
[BlackElo "1071"]
[Opening "King's pawn opening"]
[ECO "B07"]
[NIC "VO.17"]
[Time "12:20:38"]
[PlyCount "101"]
[TimeControl "900+3"]

1. e4 d6 2. Nf3 Nf6 3. Nc3 g6 4. Bc4 Bg7 5. d3 O-O 6. h3 Nc6 7. a3 e5 8.
Ne2 Bd7 9. Bg5 a6 10. Qd2 b5 11. Bd5 Rb8 12. Qc3 Ne7 13. Ba2 h6 14. Bh4 g5
15. Bg3 d5 16. Nxe5 dxe4 17. d4 Nfd5 18. Qc5 c6 19. Nxd7 Qxd7 20. Bxb8 Rxb8
21. Bxd5 Nxd5 22. O-O-O Bf8 23. Qxd5 cxd5 24. Nc3 Qf5 25. Rhf1 a5 26. f3 b4
27. fxe4 Qe6 28. Nxd5 Qxe4 29. Nf6+ Kg7 30. Nxe4 Re8 31. Nc5 Bxc5 32. dxc5
bxa3 33. bxa3 Rc8 34. Rd5 Rc6 35. Kb2 Kf8 36. Kb3 Rc8 37. Ka4 Ke7 38. Re1+
Kf8 39. Kxa5 Ra8+ 40. Kb4 Rb8+ 41. Kc4 Ra8 42. c6 Rxa3 43. c7 Ra4+ 44. Kb5
Ra2 45. c8=Q+ Kg7 46. Qc3+ f6 47. Rd7+ Kg6 48. Qd3+ Kh5 49. Rg7 Rb2+ 50.
Kc4 Rb8 51. Qf3+ { Black resigns } 1-0

[Event "ICC tourney 2376 (15 3)"]
[Site "Internet Chess Club"]
[Date "2021.02.06"]
[Round "2"]
[White "champ201566139"]
[Black "UnkArjun"]
[Result "0-1"]
[ICCResult "White checkmated"]
[WhiteElo "264"]
[BlackElo "658"]
[Opening "Blackmar gambit"]
[ECO "D00"]
[NIC "QP.08"]
[Time "12:20:29"]
[PlyCount "66"]
[TimeControl "900+3"]

1. d4 d5 2. e4 Nf6 3. e5 Ng4 4. e6 Bxe6 5. Nc3 c6 6. Na4 Nf6 7. b4 Nbd7 8.
f4 Qc7 9. Nh3 Bg4 10. Bd3 Bxd1 11. Kxd1 Ng4 12. Re1 Nf2+ 13. Ke2 Nxd3 14.
Nf2 Nxf2 15. Kxf2 b5 16. f5 bxa4 17. a3 O-O-O 18. Kf3 f6 19. Bf4 Qb6 20.
Re6 Qxd4 21. c3 Qxc3+ 22. Be3 Qxa1 23. Rxc6+ Kb7 24. Re6 Ne5+ 25. Kf4 Qf1+
26. Kg3 Qxf5 27. Kh4 Ng6+ 28. Kg3 Qxe6 29. b5 d4 30. Bxd4 Rxd4 31. Kf3 Qe4+
32. Kf2 Rd2+ 33. Kf1 Qb1# { White checkmated } 0-1

[Event "ICC tourney 2376 (15 3)"]
[Site "Internet Chess Club"]
[Date "2021.02.06"]
[Round "2"]
[White "deadmemes"]
[Black "TheInterMitten"]
[Result "0-1"]
[ICCResult "White checkmated"]
[WhiteElo "619"]
[BlackElo "188"]
[Opening "Four knights: Italian variation"]
[ECO "C47"]
[NIC "VG.04"]
[Time "12:21:12"]
[PlyCount "134"]
[TimeControl "900+3"]

1. e4 e5 2. Nc3 Nf6 3. Nf3 Nc6 4. Bc4 Nxe4 5. Nxe4 d5 6. Bxd5 Qxd5 7. d3
Bf5 8. Nfg5 h6 9. Nc3 Qxg2 10. Qf3 Qxf3 11. Nxf3 Bb4 12. Bd2 O-O-O 13.
O-O-O Nd4 14. Nxd4 exd4 15. Ne2 Bxd2+ 16. Rxd2 Rhe8 17. b3 Rd6 18. Kb2 Bg4
19. Ng3 Rf6 20. Ne4 Rfe6 21. Rg1 f5 22. Ng3 g5 23. Rh1 f4 24. h3 Bf3 25.
Nh5 Bxh1 26. Ng7 Re2 27. Rd1 Rg8 28. Rxh1 Rxg7 29. Rh2 g4 30. hxg4 Rxg4 31.
Rxh6 Rxf2 32. Rf6 f3 33. Kc1 Rf1+ 34. Kd2 f2 35. Ke2 Rg2 36. Kxf1 Rg5 37.
Rxf2 Ra5 38. Rf4 Rxa2 39. Rxd4 Rxc2 40. Rc4 Rxc4 41. dxc4 Kd7 42. Ke2 Kc6
43. Kd3 Kc5 44. Kc3 a5 45. Kb2 Kb4 46. Kc2 c5 47. Kb2 b6 48. Kc2 Ka3 49.
Kc3 a4 50. bxa4 Kxa4 51. Kd3 Kb4 52. Kc2 Kxc4 53. Kb2 b5 54. Kc2 b4 55. Kb2
Kd3 56. Kb3 c4+ 57. Kb2 c3+ 58. Kc1 b3 59. Kb1 c2+ 60. Kc1 b2+ 61. Kxb2 Kd2
62. Ka1 c1=Q+ 63. Ka2 Qc3 64. Kb1 Kd3 65. Ka2 Qb4 66. Ka1 Kc2 67. Ka2 Qb2#
{ White checkmated } 0-1

[Event "ICC tourney 2376 (15 3)"]
[Site "Internet Chess Club"]
[Date "2021.02.06"]
[Round "2"]
[White "Charris626"]
[Black "coderboy123"]
[Result "0-1"]
[ICCResult "White checkmated"]
[WhiteElo "1001"]
[BlackElo "1241"]
[Opening "Sicilian defense"]
[ECO "B20"]
[NIC "SI.48"]
[Time "12:20:54"]
[PlyCount "132"]
[TimeControl "900+3"]

1. e4 c5 2. Bc4 e6 3. Nc3 Nc6 4. e5 Nxe5 5. Bb5 Nc6 6. d4 a6 7. Bxc6 bxc6
8. Nf3 Nf6 9. Bg5 h6 10. Bh4 Be7 11. O-O O-O 12. Bxf6 Bxf6 13. dxc5 Be7 14.
Qd4 Qa5 15. b4 Qc7 16. a3 Bf6 17. Qc4 a5 18. Ne4 Bxa1 19. Rxa1 axb4 20.
Qxb4 Qa5 21. Qb2 Ba6 22. Ng3 Qxc5 23. Ne5 Rfb8 24. Ne4 Rxb2 25. Nxc5 Rab8
26. f3 Rb1+ 27. Rxb1 Rxb1+ 28. Kf2 Bb5 29. a4 Rb2 30. Ned3 Bxd3 31. Nxd3
Rxc2+ 32. Ke3 Ra2 33. Nc5 d6 34. Nb7 Rxa4 35. Nxd6 Kf8 36. Ne4 Rxe4+ 37.
fxe4 Ke7 38. Kd4 Kd6 39. g3 c5+ 40. Ke3 Ke5 41. Kd3 c4+ 42. Kxc4 Kxe4 43.
Kc3 e5 44. Kd2 Kf3 45. Kd3 e4+ 46. Kd2 Kf2 47. g4 e3+ 48. Kd1 e2+ 49. Kd2
e1=Q+ 50. Kd3 Qe2+ 51. Kd4 Qe3+ 52. Kd5 Qf4 53. g5 hxg5 54. h4 gxh4 55. Kc5
Qe4 56. Kb5 Qd4 57. Kc6 Qe5 58. Kb6 Qd5 59. Kc7 Qe6 60. Kb7 Qd6 61. Kc8 Qe7
62. Kb8 Ke3 63. Ka8 Kd4 64. Kb8 Kc5 65. Kc8 Kc6 66. Kb8 Qb7# { White
checkmated } 0-1

[Event "ICC tourney 2376 (15 3)"]
[Site "Internet Chess Club"]
[Date "2021.02.06"]
[Round "2"]
[White "Roy123"]
[Black "cxusanderson"]
[Result "1-0"]
[ICCResult "Black checkmated"]
[WhiteElo "919"]
[BlackElo "1197"]
[Opening "Queen's gambit accepted"]
[ECO "D20"]
[NIC "QG.03"]
[Time "12:20:53"]
[PlyCount "125"]
[TimeControl "900+3"]

1. d4 d5 2. c4 dxc4 3. Nc3 Nf6 4. Bf4 Bf5 5. e3 e6 6. Bxc4 Nc6 7. Nf3 Bd6
8. Bxd6 Qxd6 9. O-O O-O 10. Re1 Bg4 11. h3 Bh5 12. Be2 Qe7 13. Qb3 b6 14.
Qb5 Nb4 15. Rec1 c6 16. Qa4 b5 17. Qb3 Rac8 18. Ne5 Bxe2 19. Nxe2 Qd6 20.
a3 Nbd5 21. Rc2 a5 22. a4 b4 23. Rac1 Ne7 24. Qc4 Rc7 25. Qa6 Rfc8 26. Qxa5
Nd7 27. Nxd7 Rxd7 28. Rc4 Rdc7 29. Qxb4 Qd5 30. Nf4 Qd7 31. a5 Nd5 32. Nxd5
exd5 33. Rc5 Qd6 34. a6 Ra8 35. Ra1 Rca7 36. Qb6 Qb8 37. Qxc6 h6 38. Rb5
Qd8 39. Rb7 Rxb7 40. Qxb7 Kh7 41. a7 f6 42. b4 Kg6 43. b5 Kh7 44. b6 Kg6
45. Qc6 Kh7 46. b7 Rxa7 47. Rxa7 Qb8 48. Qc8 Qxa7 49. b8=Q Qxb8 50. Qxb8
Kg6 51. Qd6 Kh7 52. Qxd5 Kg6 53. Kh2 Kh7 54. g4 Kg6 55. f4 Kh7 56. g5 hxg5
57. fxg5 fxg5 58. Qxg5 Kg8 59. d5 Kf8 60. d6 Ke8 61. Qxg7 Kd8 62. Qe7+ Kc8
63. Qc7# { Black checkmated } 1-0

[Event "ICC tourney 2376 (15 3)"]
[Site "Internet Chess Club"]
[Date "2021.02.06"]
[Round "2"]
[White "ztraynor"]
[Black "mshr06"]
[Result "0-1"]
[ICCResult "White checkmated"]
[WhiteElo "1210"]
[BlackElo "926"]
[Opening "Queen's pawn, Mason variation"]
[ECO "D00"]
[NIC "QP.08"]
[Time "12:20:32"]
[PlyCount "64"]
[TimeControl "900+3"]

1. d4 d5 2. Bf4 Bf5 3. e3 c6 4. Nf3 Nf6 5. Bd3 Bg6 6. Ne5 Nbd7 7. Nxg6 hxg6
8. Nd2 e6 9. c4 b6 10. cxd5 cxd5 11. Bb5 Be7 12. Nf3 a6 13. Bc6 Rc8 14. Bb7
Bb4+ 15. Nd2 Rc4 16. Bxa6 Rc6 17. Bb5 Rc8 18. a3 Bxd2+ 19. Qxd2 Ne4 20. Qe2
g5 21. Bg3 Nxg3 22. fxg3 O-O 23. h4 gxh4 24. Bxd7 Qxd7 25. Rxh4 Rfe8 26.
Qh5 Kf8 27. Qh8+ Ke7 28. Qxg7 Rg8 29. Qe5 Rc2 30. b4 Qc8 31. Rh2 Qc3+ 32.
Kf1 Qxa1# { White checkmated } 0-1

[Event "ICC tourney 2376 (15 3)"]
[Site "Internet Chess Club"]
[Date "2021.02.06"]
[Round "2"]
[White "drippy"]
[Black "Elin123"]
[Result "1-0"]
[ICCResult "Black resigns"]
[WhiteElo "786"]
[BlackElo "917"]
[Opening "Queen's pawn"]
[ECO "A40"]
[NIC "QO.17"]
[Time "12:20:47"]
[PlyCount "155"]
[TimeControl "900+3"]

1. d4 e6 2. Bf4 d5 3. e3 Bd6 4. Bg3 Nc6 5. Bb5 Bd7 6. Bxd6 cxd6 7. Nc3 Nf6
8. Nf3 O-O 9. O-O e5 10. dxe5 dxe5 11. Bxc6 Bxc6 12. Nxe5 Re8 13. Nxc6 bxc6
14. Re1 Qb6 15. Rb1 Rad8 16. Qf3 d4 17. exd4 Rxe1+ 18. Rxe1 Rxd4 19. h3 h6
20. b3 Qb4 21. Qxc6 Rd2 22. Na4 Rxc2 23. Qxc2 Qxe1+ 24. Kh2 Qe5+ 25. g3 h5
26. Kg2 g5 27. Qc3 Qd5+ 28. Qf3 Qe6 29. Nc5 Qe7 30. a4 Kg7 31. Nd3 g4 32.
hxg4 hxg4 33. Qf5 Qb7+ 34. Kg1 Qxb3 35. Qg5+ Kf8 36. Qxf6 Qxd3 37. Qh8+ Ke7
38. Qh4+ Kf8 39. Qxg4 Qb1+ 40. Kg2 Qb7+ 41. Qf3 Qb4 42. Qa8+ Kg7 43. Qxa7
Qe4+ 44. Kg1 Qe1+ 45. Kg2 Qe4+ 46. Kg1 Qe1+ 47. Kg2 Qe4+ 48. Kh3 Qh7+ 49.
Kg2 Qe4+ 50. f3 Qc2+ 51. Qf2 Qxa4 52. Qb2+ Kf8 53. Qb8+ Kg7 54. Qb2+ Kf8
55. Kh3 Qd7+ 56. g4 Qc6 57. Qa3+ Kg7 58. Qe3 Qa8 59. Qe5+ Kh6 60. Qf6+ Kh7
61. Qxf7+ Kh8 62. Qh5+ Kg7 63. Qe5+ Kg8 64. Qe6+ Kg7 65. Qe5+ Kh6 66. Qh5+
Kg7 67. Qg5+ Kh7 68. Qf4 Kg6 69. Qe4+ Qxe4 70. fxe4 Kf6 71. Kg3 Ke5 72. Kh4
Kxe4 73. Kh5 Kf4 74. g5 Kf5 75. Kh6 Ke6 76. g6 Kf6 77. Kh7 Ke7 78. g7 {
Black resigns } 1-0

[Event "ICC tourney 2376 (15 3)"]
[Site "Internet Chess Club"]
[Date "2021.02.06"]
[Round "2"]
[White "nb12"]
[Black "abasilio5"]
[Result "1-0"]
[ICCResult "Black checkmated"]
[WhiteElo "1220"]
[BlackElo "973"]
[Opening "Caro-Kann: classical variation"]
[ECO "B18"]
[NIC "CK.10"]
[Time "12:20:42"]
[PlyCount "115"]
[TimeControl "900+3"]

1. e4 c6 2. d4 d5 3. Nc3 dxe4 4. Nxe4 Bf5 5. Ng3 Bg6 6. Nf3 Nd7 7. Bd3 Bxd3
8. Qxd3 e6 9. O-O Ngf6 10. Bg5 h6 11. Bxf6 Nxf6 12. Ne4 Be7 13. c4 c5 14.
Rfd1 cxd4 15. Qxd4 Qxd4 16. Rxd4 O-O 17. Rad1 Rad8 18. Rxd8 Rxd8 19. Rxd8+
Bxd8 20. Nxf6+ Bxf6 21. b3 Kf8 22. Kf1 Ke7 23. Ke2 Kd6 24. Kd3 Kc5 25. a3
g5 26. b4+ Kc6 27. Nd4+ Bxd4 28. Kxd4 f6 29. a4 a6 30. b5+ axb5 31. axb5+
Kb6 32. g4 Kc7 33. c5 b6 34. c6 Kd6 35. Ke4 Kc7 36. f4 gxf4 37. Kxf4 Kd6
38. h4 Kc7 39. g5 fxg5+ 40. hxg5 hxg5+ 41. Kxg5 Kd6 42. Kf4 Ke7 43. Ke5 Kd8
44. Kxe6 Kc7 45. Kd5 Kd8 46. Kd6 Kc8 47. c7 Kb7 48. Kd7 Ka7 49. Kd8 Kb7 50.
c8=Q+ Ka7 51. Qc7+ Ka8 52. Qc6+ Ka7 53. Qd7+ Kb8 54. Ke7 Ka8 55. Kd6 Kb8
56. Kc6 Ka8 57. Kxb6 Kb8 58. Qb7# { Black checkmated } 1-0

[Event "ICC tourney 2376 (15 3)"]
[Site "Internet Chess Club"]
[Date "2021.02.06"]
[Round "2"]
[White "gravesal33"]
[Black "jrcrawford512"]
[Result "1-0"]
[ICCResult "Black resigns"]
[WhiteElo "972"]
[BlackElo "1219"]
[Opening "Réti opening"]
[ECO "A04"]
[NIC "QP.10"]
[Time "12:20:36"]
[PlyCount "58"]
[TimeControl "900+3"]

1. Nf3 c5 2. g3 Nc6 3. Bg2 Nf6 4. O-O d5 5. d3 e5 6. e4 d4 7. Nbd2 Be7 8.
a4 O-O 9. Nc4 Qc7 10. Bd2 Be6 11. Ne1 a6 12. f4 Bg4 13. Bf3 Bh3 14. Bg2
Bxg2 15. Kxg2 b5 16. axb5 axb5 17. Na3 Nd7 18. Nxb5 Qb6 19. Na3 Qxb2 20.
Qc1 Qxc1 21. Bxc1 Rfb8 22. Nf3 f6 23. fxe5 Ncxe5 24. Nxe5 Nxe5 25. Bf4 Rb2
26. Bxe5 fxe5 27. Kh3 Bd6 28. Nc4 Bc7 29. Rxa8+ Rb8 { Black resigns } 1-0

[Event "ICC tourney 2376 (15 3)"]
[Site "Internet Chess Club"]
[Date "2021.02.06"]
[Round "2"]
[White "e35378"]
[Black "colorcolorcolor"]
[Result "1-0"]
[ICCResult "Black checkmated"]
[WhiteElo "1368"]
[BlackElo "101"]
[Opening "Giuoco Pianissimo"]
[ECO "C55"]
[NIC "IG.01"]
[Time "12:21:21"]
[PlyCount "125"]
[TimeControl "900+3"]

1. e4 e5 2. Nf3 Nc6 3. Bc4 Nf6 4. d3 Bc5 5. c3 O-O 6. O-O d5 7. exd5 Nxd5
8. Bb3 Nf6 9. Bg5 h6 10. Bh4 g5 11. Bg3 Bg4 12. h3 Bxf3 13. Qxf3 Qd6 14. d4
Bxd4 15. cxd4 Nxd4 16. Qd1 Nxb3 17. Qxb3 b6 18. Nc3 c6 19. Rad1 Qe6 20.
Qxe6 fxe6 21. Bxe5 Nd5 22. Nxd5 exd5 23. a3 Rae8 24. Bd6 Rf6 25. Bb4 c5 26.
Bd2 d4 27. Rfe1 Rxe1+ 28. Rxe1 Kf7 29. g3 a6 30. f4 gxf4 31. Bxf4 h5 32. h4
a5 33. Kf2 Kg6 34. Re8 Kg7 35. Ke2 Kf7 36. Re5 c4 37. Rxh5 d3+ 38. Kd2 Rg6
39. Rg5 Rf6 40. h5 Re6 41. Re5 Rf6 42. h6 Rg6 43. Kc3 Rg8 44. Kxc4 Rh8 45.
Kxd3 Kg6 46. Kc4 Rc8+ 47. Kb5 Rb8 48. Re6+ Kf5 49. Rxb6 Rh8 50. Kxa5 Ra8+
51. Kb5 Rh8 52. a4 Rc8 53. a5 Kg4 54. a6 Kh5 55. Rb7 Ra8 56. h7 Kg6 57. Be5
Kf5 58. h8=Q Ke4 59. Qxa8 Kd3 60. Rd7+ Kc2 61. Qg2+ Kb1 62. b4 Kc1 63. Qb2#
{ Black checkmated } 1-0

[Event "ICC tourney 2376 (15 3)"]
[Site "Internet Chess Club"]
[Date "2021.02.06"]
[Round "2"]
[White "SlickSmith"]
[Black "BryBro"]
[Result "1/2-1/2"]
[ICCResult "Game drawn by repetition"]
[WhiteElo "1316"]
[BlackElo "1091"]
[Opening "Queen's pawn, Mason variation"]
[ECO "D00"]
[NIC "QP.08"]
[Time "12:20:38"]
[PlyCount "158"]
[TimeControl "900+3"]

1. d4 d5 2. Bf4 Bf5 3. e3 e6 4. Bd3 Bg6 5. Nf3 Bd6 6. Bg3 Nf6 7. c3 c6 8.
O-O O-O 9. Qc2 Be4 10. Nbd2 Bxg3 11. hxg3 Bg6 12. Ne5 Nbd7 13. Ndf3 Nxe5
14. Nxe5 Nd7 15. Nxg6 hxg6 16. f3 Nf6 17. Kf2 Re8 18. Rh1 Kf8 19. Rh4 Ke7
20. Rah1 Qd6 21. g4 g5 22. R4h3 g6 23. Rh6 Rg8 24. Qb1 Rad8 25. R1h3 Qb8
26. Qh1 Kf8 27. Rh8 Rxh8 28. Rxh8+ Kg7 29. Rxd8 Qxd8 30. Qd1 Qb6 31. Qb3
Qxb3 32. axb3 Kf8 33. c4 Ke7 34. Ke2 Kd7 35. Kd2 Kc7 36. Kc3 Nd7 37. g3 Nf8
38. Kd2 a6 39. Ke2 b5 40. f4 gxf4 41. gxf4 Kb6 42. e4 dxe4 43. Bxe4 f5 44.
c5+ Kc7 45. Bf3 Nh7 46. g5 Nf8 47. Kd3 Kd7 48. b4 Kc7 49. Kc3 Nd7 50. Kd3
Nb8 51. Ke3 Kb7 52. Kd3 Ka7 53. Kc3 Kb7 54. Bg2 Kc7 55. Bf3 Kb7 56. Kd3 a5
57. bxa5 Ka6 58. b4 Kb7 59. Kc3 Na6 60. Bg2 Kc7 61. Bf3 Kd7 62. Bg2 Kc7 63.
Bf3 Kd7 64. Bg2 Kc7 65. Bf3 Kd7 66. Bg2 Kc7 67. Bf3 Kb7 68. Bg2 Kc7 69. Bf3
Kd7 70. Bg2 Kc7 71. Bf3 Kb7 72. Bg2 Kc7 73. Bf3 Kd7 74. Bg2 Kc7 75. Bf3 Kb7
76. Bg2 Kc7 77. Bf3 Kd7 78. Bg2 Kc7 79. Bf3 Kb7 { Game drawn by repetition
} 1/2-1/2

[Event "ICC tourney 2376 (15 3)"]
[Site "Internet Chess Club"]
[Date "2021.02.06"]
[Round "2"]
[White "SamPozen"]
[Black "t105mm"]
[Result "1/2-1/2"]
[ICCResult "Game drawn by mutual agreement"]
[WhiteElo "1293"]
[BlackElo "1090"]
[Opening "Sicilian: Canal-Sokolsky attack, Sokolsky variation"]
[ECO "B52"]
[NIC "SI.01"]
[Time "12:20:40"]
[PlyCount "113"]
[TimeControl "900+3"]

1. e4 c5 2. Nf3 d6 3. Bb5+ Bd7 4. Bxd7+ Qxd7 5. c4 Nf6 6. Nc3 a6 7. O-O g6
8. Re1 Nc6 9. d3 Bg7 10. Bg5 O-O 11. Bxf6 Bxf6 12. Rb1 e6 13. Na4 Qc7 14.
Nc3 Nb4 15. a3 Nc6 16. Ne2 e5 17. b4 cxb4 18. axb4 b5 19. cxb5 axb5 20. Qc2
Rac8 21. Rec1 Qb7 22. Qd2 Nd4 23. Nexd4 exd4 24. Qf4 Bg7 25. Qxd6 Rfd8 26.
Rxc8 Qxc8 27. Qc5 Qxc5 28. bxc5 Ra8 29. h3 Rb8 30. c6 Rc8 31. Rxb5 Rxc6 32.
Rd5 Rc3 33. Nxd4 Rxd3 34. Rd8+ Bf8 35. Ne6 Rxd8 36. Nxd8 Bd6 37. Kf1 Kg7
38. Ke2 f6 39. Kd3 Kf8 40. Ne6+ Ke7 41. Nd4 Bh2 42. Nf3 Bd6 43. Kd4 Ke6 44.
g4 Bc7 45. Kd3 Bb6 46. Nd4+ Ke5 47. Nc6+ Kf4 48. Nb4 Bxf2 49. Nd5+ Kg5 50.
Ke2 Bd4 51. Kf3 Kh4 52. Kg2 Kg5 53. Kf3 f5 54. exf5 gxf5 55. gxf5 Kxf5 56.
Ne3+ Bxe3 57. Kxe3 { Game drawn by mutual agreement } 1/2-1/2

[Event "ICC tourney 2376 (15 3)"]
[Site "Internet Chess Club"]
[Date "2021.02.06"]
[Round "2"]
[White "RoyWilkes40"]
[Black "queen1234"]
[Result "0-1"]
[ICCResult "White checkmated"]
[WhiteElo "1054"]
[BlackElo "1272"]
[Opening "King's pawn game"]
[ECO "C50"]
[NIC "IG.03"]
[Time "12:20:39"]
[PlyCount "130"]
[TimeControl "900+3"]

1. e4 e5 2. Nf3 Nc6 3. Bc4 d6 4. Nc3 Bg4 5. Nxe5 Nxe5 6. Be2 Bxe2 7. Qxe2
Nf6 8. d4 Ng6 9. Bg5 Be7 10. O-O-O O-O 11. e5 Nd7 12. Be3 Bg5 13. Bxg5
Qxg5+ 14. Kb1 dxe5 15. dxe5 Ndxe5 16. g3 Nc6 17. h4 Qh6 18. Qd3 Nge5 19.
Qe4 Rfe8 20. Rde1 Qe6 21. Nd5 Qc8 22. h5 Ng4 23. Qd3 Rxe1+ 24. Rxe1 Nxf2
25. Qc3 Qd7 26. Nf4 h6 27. a3 Ng4 28. Qb3 b6 29. Qc4 Nce5 30. Qb3 Rd8 31.
Ka2 c5 32. c4 Qd4 33. Nd5 Qxc4 34. Qxc4 Nxc4 35. Ne7+ Kf8 36. Nf5 Rd2 37.
Rb1 Nge3 38. Nxe3 Nxe3 39. a4 Nc4 40. Kb3 Nd6 41. Kc3 Rg2 42. Rd1 Ne4+ 43.
Kb3 Rxg3+ 44. Kc4 Nf6 45. Rd8+ Ke7 46. Ra8 Rg4+ 47. Kb3 Rb4+ 48. Ka3 a5 49.
Ra7+ Ke6 50. Rb7 Nxh5 51. Rb8 Nf4 52. Re8+ Kf6 53. Rc8 h5 54. Rc6+ Ne6 55.
b3 g5 56. Kb2 h4 57. Kc3 Kf5 58. Kd2 f6 59. Ke2 Rxb3 60. Kf2 Nf4 61. Kg1 h3
62. Kh2 g4 63. Kh1 g3 64. Kg1 h2+ 65. Kh1 Rb1# { White checkmated } 0-1

[Event "ICC tourney 2376 (15 3)"]
[Site "Internet Chess Club"]
[Date "2021.02.06"]
[Round "2"]
[White "shrishri"]
[Black "Barnstorm"]
[Result "0-1"]
[ICCResult "White checkmated"]
[WhiteElo "400"]
[BlackElo "1233"]
[Opening "Sicilian defense"]
[ECO "B30"]
[NIC "SI.31"]
[Time "12:20:42"]
[PlyCount "178"]
[TimeControl "900+3"]

1. e4 c5 2. Nf3 Nc6 3. Nc3 g6 4. Bc4 e6 5. O-O a6 6. d3 b5 7. Bb3 Bg7 8.
Bg5 Nge7 9. Be3 O-O 10. Bxc5 Bb7 11. Ne2 d6 12. Be3 Bxb2 13. Rb1 Bg7 14. c4
b4 15. Qc2 Rc8 16. d4 a5 17. d5 exd5 18. exd5 Nb8 19. Qd3 Na6 20. Ned4 Nc5
21. Qc2 Qd7 22. Ne2 a4 23. Bxc5 axb3 24. axb3 dxc5 25. Nf4 Nf5 26. Rbe1
Rce8 27. Ng5 Rxe1 28. Rxe1 Re8 29. Rxe8+ Qxe8 30. Kf1 Bc3 31. Qd1 Qe7 32.
Nf3 Nh4 33. Nxh4 Qxh4 34. Ne2 Qxh2 35. Nxc3 Qh1+ 36. Ke2 Qh5+ 37. Ke1 Qh1+
38. Kd2 bxc3+ 39. Kc2 Qxd1+ 40. Kxd1 Bc8 41. Kc2 Bf5+ 42. Kxc3 Be4 43. f3
Bf5 44. g4 Bb1 45. b4 cxb4+ 46. Kxb4 Kf8 47. c5 Ke7 48. d6+ Kd7 49. Kb5 Ba2
50. Kb6 Bd5 51. f4 f5 52. g5 Bc6 53. Ka5 Bb7 54. Kb4 Bc6 55. Kc4 Ke6 56.
Kd4 Bd5 57. Kc3 Bc6 58. Kd3 Kd5 59. Ke3 Kxc5 60. Kd3 Kxd6 61. Kd4 Be4 62.
Ke3 Ke6 63. Kf2 Kd5 64. Kg3 Ke6 65. Kh4 Kf7 66. Kg3 Kg7 67. Kf2 h6 68. Kg3
hxg5 69. fxg5 Kf7 70. Kf4 Ke6 71. Ke3 Ke5 72. Kf2 Kf4 73. Kg1 Kxg5 74. Kf2
Kf4 75. Ke1 Kf3 76. Kf1 g5 77. Kg1 g4 78. Kh2 g3+ 79. Kg1 f4 80. Kf1 Bd3+
81. Kg1 g2 82. Kh2 Kf2 83. Kh3 g1=Q 84. Kh4 Qg3+ 85. Kh5 f3 86. Kh6 Ke2 87.
Kh5 f2 88. Kh6 f1=Q 89. Kh5 Qh1# { White checkmated } 0-1

[Event "ICC tourney 2376 (15 3)"]
[Site "Internet Chess Club"]
[Date "2021.02.06"]
[Round "2"]
[White "ThatOneGuyNick"]
[Black "MarcusB"]
[Result "0-1"]
[ICCResult "White checkmated"]
[WhiteElo "1121"]
[BlackElo "1343"]
[Opening "QGD: 4.Nf3"]
[ECO "D37"]
[NIC "QO.16"]
[Time "12:20:35"]
[PlyCount "140"]
[TimeControl "900+3"]

1. d4 d5 2. c4 e6 3. Nc3 Nf6 4. Nf3 Bd6 5. c5 Be7 6. b4 a5 7. bxa5 Nc6 8.
Bd2 Bd7 9. e3 Nxa5 10. Ne5 b6 11. cxb6 cxb6 12. Nxd7 Nxd7 13. Be2 O-O 14.
O-O Rc8 15. Nb5 Nf6 16. Rc1 Ne4 17. f3 Nxd2 18. Qxd2 Qd7 19. Rxc8 Rxc8 20.
a4 Nc4 21. Bxc4 Rxc4 22. Ra1 Qc6 23. h3 h6 24. e4 dxe4 25. fxe4 Qxe4 26.
Re1 Qa8 27. Qf4 Qxa4 28. Qb8+ Kh7 29. Qxb6 Rb4 30. Qc7 Rxb5 31. Qxe7 Qxd4+
32. Kh1 Qf2 33. Rg1 Qf5 34. Qd7 Rb3 35. Rd1 Rb1 36. Rxb1 Qxb1+ 37. Kh2 Qf5
38. Qd2 g5 39. Kh1 Qf1+ 40. Kh2 Qf4+ 41. Qxf4 gxf4 42. Kg1 Kg6 43. Kf2 Kf5
44. Kf3 e5 45. g4+ Kg5 46. Kg2 e4 47. Kf2 Kh4 48. Kg2 f3+ 49. Kf2 Kxh3 50.
Ke3 Kxg4 51. Kf2 e3+ 52. Kf1 e2+ 53. Kf2 e1=Q+ 54. Kxe1 Kg3 55. Kf1 f2 56.
Ke2 Kg2 57. Ke3 f1=Q 58. Ke4 Qf3+ 59. Ke5 Qg4 60. Kf6 Kf3 61. Ke7 Ke4 62.
Kf6 Qe6+ 63. Kg7 Qg6+ 64. Kh8 Qf6+ 65. Kh7 Qg5 66. Kh8 h5 67. Kh7 h4 68.
Kh8 h3 69. Kh7 h2 70. Kh8 h1=Q# { White checkmated } 0-1